cohdb
Replays
Latest Replays
All Replays
Popular Replays
Top Player Replays
Match Explorer
How It Works
Community
CoH3 Stats
Reddit
Sign in to upload your games and track your stats! →
Sign in with Steam
Match 41120869
Unlisted
Match 41120869
Overview
Messages
Build Orders
End
Kettenkrad Recon Vehicle
Construct Infanterie Kompanie
Selects Terror Battlegroup
Selects Machine Gun Camouflage
MG 42 Machine Gun Team
Grenadier Squad
Grenadier Squad
Construct Panzergrenadier Kompanie
251 Medium Carrier
Pak 40 Anti-tank Gun Team
Medical Station
Pak 40 Anti-tank Gun Team
MG 42 Bunker
Panzergrenadier Squad
Construct Panzer Kompanie
Selects No Quarter
Stoßtruppen Squad
Selects Contempt for the Weak
Selects Propaganda Leaflet Drop
Panzer IV Medium Tank
251 Medium Carrier
Selects V1 Rocket Strike
Propaganda Leaflet Drop
Selects King Tiger Heavy Tank
King Tiger Heavy Tank
Pak 40 Anti-tank Gun Team
Pak 40 Anti-tank Gun Team
Selects V1 Rocket Strike
FrancoBruniano
jawdar.al.maghreb
Unsafe
Scooter
waltersanteliz2594
rgoraging
0
0
Comments
sign in to comment!
No comments posted yet!